 Dungeon Crawl Stone Soup version 0.30-a0-924-g0ad0bf95bc (console) character file.

Game seed: 12151707114933130606

340 jejorda2 the Poker (level 6, 0/73 HPs)
             Began as a Merfolk Berserker on Mar 22, 2023.
             Was a Believer of Trog.
             Slain by Ijyb
             ... wielding a +0 club
              (3 damage)
             ... on level 4 of the Dungeon.
             The game lasted 00:06:55 (2881 turns).

jejorda2 the Poker (Merfolk Berserker)              Turns: 2881, Time: 00:06:56

Health: 0/73       AC: 13    Str: 23    XL:     6   Next: 56%
Magic:  6/6        EV:  9    Int:  6    God:    Trog [**....]
Gold:   144        SH:  0    Dex: 13    Spells: 5/5 levels left

rFire   . . .      SeeInvis .    a - +0 spear
rCold   . . .      Faith    .    (no shield)
rNeg    . . .      Spirit   .    f - +0 chain mail
rPois   .          Reflect  .    l - +2 helmet
rElec   .          Rampage  .    (no cloak)
rCorr   .                        (no gloves)
Will    .....                    o - +0 pair of boots of Rationality {Str+3} Stlth
                                 (no amulet)
HPRegen 0.32/turn                (no ring)
MPRegen 0.10/turn                (no ring)

@: brilliant, berserking, attractive, very quick
A: (nimble swimmer 2), mertail
a: Renounce Religion, Berserk, Trog's Hand


You were on level 4 of the Dungeon.
You worshipped Trog.
Trog was pleased with you.
You visited 1 branch of the dungeon, and saw 4 of its levels.

You collected 144 gold pieces.

Inventory:

Hand Weapons
 a - a +0 spear (weapon)
Missiles
 i - 21 stones (quivered)
Armour
 f - a +0 chain mail (worn)
 l - a +2 helmet (worn)
 o - the +0 pair of boots of Rationality (worn) {Str+3}
   (You found it on level 2 of the Dungeon)

   Str:       It affects your strength (+3).
Scrolls
 h - 2 scrolls of teleportation
Potions
 d - 2 potions of lignification
 k - a potion of cancellation {unknown}
 m - a potion of mutation {unknown}
 q - 3 potions of curing
 r - a potion of invisibility {unknown}


   Skills:
 + Level 4.7 Fighting
 * Level 7.3 Polearms
 + Level 2.7 Armour
 - Level 2.6 Dodging


You had 5 spell levels left.
You didn't know any spells.
Your spell library was empty.

Dungeon Overview and Level Annotations

Branches:
Dungeon (4/15)
 Temple: D:4-7

Altars:
Trog
Uskayaw

Annotations:
D:4 Ijyb


Innate Abilities, Weirdness & Mutations

((You are very nimble when in or above water. (Stealth+, EV+, Speed+++)))
Your lower body shifts to a powerful aquatic tail in water.


Message History

Ijyb hits you but does no damage.
The bullfrog hits you but does no damage.
It was a potion of brilliance.
You feel clever all of a sudden.
Your skin stops crawling.
You feel less strong-willed.
The bullfrog hits you but does no damage.
Ijyb zaps a wand.
The puff of flame hits you but does no damage.
It was a potion of attraction.
You feel attractive to monsters. The bullfrog barely misses you.
Ijyb hits you with a +0 club.
* * * LOW HITPOINT WARNING * * *
An endoplasm comes into view.
The bullfrog hits you but does no damage.
The endoplasm is attracted toward you.
It was a potion of berserk rage.
A red film seems to cover your vision as you go berserk!
You feel yourself moving faster!
You feel mighty!
The bullfrog hits you but does no damage.
Ijyb zaps a wand.
The puff of flame hits you!
* * * LOW HITPOINT WARNING * * *
The endoplasm is attracted toward you.
You hit the bullfrog.
The bullfrog is moderately wounded.
The bullfrog hits you but does no damage.
You barely miss the bullfrog.
The bullfrog is moderately wounded.
You feel less wooden.
Your +2 helmet unmelds from your body.
The +0 pair of boots of Rationality {Str+3} unmelds from your body.
Your +0 chain mail unmelds from your body.
Ijyb hits you with a +0 club.
* * * LOW HITPOINT WARNING * * *
The bullfrog hits you but does no damage.
You hit Ijyb.
Ijyb is lightly wounded.
You closely miss Ijyb.
Ijyb is lightly wounded.
The bullfrog closely misses you. Ijyb hits you with a +0 club.
You die...

#...<....... .#.#
#......#######
#.# ###.#... ..#
#.# #.#..####.#
#.#
.......#.######.#
................#
#
.#........)######
....#.###.#....#
#...gg@F......#
#.##J######...#
.ยง #...# ...
#...# ##. #F..#
.. #...# . .....
..>...


You could see Ijyb, a bullfrog, an endoplasm and a hobgoblin.

Vanquished Creatures
  Edmund (D:4)
  A black bear (D:4)
  Robin (D:2)
  5 adders
  A worm (D:2)
  An orc (D:3)
  5 endoplasms
  5 giant cockroaches
  10 goblins
  8 hobgoblins
  9 jackals
  2 quokkas
  7 ball pythons
  2 bats
  3 frilled lizards
  3 kobolds
  8 rats
72 creatures vanquished.

Notes
Turn   | Place    | Note
-------+----------+-------------------------------------------
     0 | D:1      | jejorda2 the Merfolk Berserker began the quest for the Orb.
     0 | D:1      | Reached XP level 1. HP: 18/18 MP: 1/1
   176 | D:1      | Reached XP level 2. HP: 20/24 MP: 2/2
   689 | D:1      | Reached XP level 3. HP: 29/29 MP: 3/3
   742 | D:1      | Reached ** piety under Trog
  1036 | D:2      | Noticed Robin
  1049 | D:2      | Reached skill level 5 in Polearms
  1568 | D:2      | Reached XP level 4. HP: 37/37 MP: 4/4
  1575 | D:2      | Killed Robin
  1643 | D:2      | Identified the +0 pair of boots of Rationality {Str+3}
  1875 | D:2      | Found a bloodstained altar of Trog.
  2106 | D:3      | Noticed a +0 hand axe
  2109 | D:3      | Noticed a +0 dagger
  2112 | D:3      | Found a hide-covered altar of Uskayaw.
  2189 | D:3      | Reached skill level 6 in Polearms
  2189 | D:3      | Reached XP level 5. HP: 33/42 MP: 5/5
  2275 | D:3      | Found a faded altar of an unknown god.
  2525 | D:3      | Reached *** piety under Trog
  2827 | D:4      | Noticed Edmund
  2837 | D:4      | Noticed a black bear
  2838 | D:4      | Killed Edmund
  2839 | D:4      | Reached XP level 6. HP: 49/49 MP: 6/6
  2847 | D:4      | Noticed Ijyb
  2864 | D:4      | Killed a black bear
  2865 | D:4      | Reached skill level 7 in Polearms
  2877 | D:4      | HP: 5/109 [Ijyb/puff of flame (9)]
  2881 | D:4      | Slain by Ijyb

Illustrated notes

Levels and vault maps discovered:
D:1:      tarquinn_simple_flora_water_e, layout_loops_cross, minmay_tetromino_o4
D:2:      layout_basic, basic_altar, uniq_robin
D:3:      layout_loops_cross, dancing_weapons_uskayaw,
          nicolae_ecumenical_snake_handling, reono_crystal_passage,
          kennysheep_cross_room
D:4:      layout_loops_cross, minmay_temple_entry_enclosed_plants,
          nicolae_ossuary_entry_giza, uniq_grinder, uniq_sigmund, uniq_ijyb,
          uniq_edmund

Skill      XL: |  1  2  3  4  5  6 |
---------------+-------------------+-----
Polearms       | 5 6 7 |  7.3
Armour         | 2 |  2.7
Fighting       | 4 |  4.7
Dodging        | |  2.6

Action                     |  1- 3 |  4- 6 || total
---------------------------+-------+-------++-------
  Melee: Spear             |   154 |   158 ||   312
         Punch             |     1 |       ||     1
  Throw: Stone             |     3 |       ||     3
 Invoke: Trog's Hand       |       |     2 ||     2
         Berserk           |       |     1 ||     1
    Use: Scroll            |       |     7 ||     7
         Potion            |       |     5 ||     5
   Stab: Sleeping          |     2 |       ||     2
 Armour: Animal skin       |    14 |       ||    14
         Leather armour    |     7 |     8 ||    15
         Chain mail        |       |    36 ||    36
         Skin              |       |    84 ||    84
  Dodge: Dodged            |    77 |    52 ||   129

Table legend: (Time is in decaauts)
 A = Elapsed time spent in this place.
 B = Non-inter-level travel time spent in this place.
 C = Inter-level travel time spent in this place.
 D = Time resting spent in this place.
 E = Time spent auto-exploring this place.
 F = Levels seen in this place.
 G = Mean time per level.
                   A        B        C        D        E       F      G
               +--------+--------+--------+--------+--------+-----+--------+
         Total |   2829 |   2667 |    162 |    282 |   1781 |   4 |  707.2 |
       Dungeon |   2829 |   2667 |    162 |    282 |   1781 |   4 |  707.2 |
               +--------+--------+--------+--------+--------+-----+--------+

Top non-repeatable levels by time:
     D:2: 1061 daAuts
     D:1: 915 daAuts
     D:3: 756 daAuts
     D:4: 96 daAuts
